Map: Site Delta LE

Players

Scarlett - Winner!

  • Race: Zerg Zerg
  • Spawn Location: 5:00

Bunny

  • Race: Terran Terran
  • Spawn Location: 11:00

Event: ESL Spring 2024 Finals

VOD

Have the link to the VOD?

Description

Time

  • Played on: May 31, 2024, 7:31 p.m.
  • Length: 12:06

All games in this series

Show
View Real Time Build Order
Export as new Build Order

Scarlett Zerg - Winner!

Build Orders: Hatch First 

Get SALT Encoding   

  12  0:00  Drone  
  13  0:12  Overlord  
  13  0:18  Drone  
  14  0:31  Drone x2  
  16  0:46  Hatchery  
  15  0:51  Drone  
  15  0:54  Drone  
  17  0:57  Drone  
  18  1:08  Extractor  
  17  1:12  Spawning Pool  
  17  1:15  Drone  
  17  1:18  Drone  
  18  1:28  Drone  
  19  1:38  Drone  
  20  1:50  Drone  
  21  1:59  Queen x2  
  21  2:00  Zergling x4  
  27  2:10  Drone  
  27  2:11  Overlord  
  28  2:20  Hatchery  
  27  2:24  Drone  
  29  2:30  Drone  
  29  2:31  Drone  
  29  2:33  Drone  
  31  2:39  Queen  
  31  2:43  Queen  
  35  2:49  Overlord  
  34  3:08  Drone x7  
  34  3:09  Drone x2  
  42  3:14  Drone  
  43  3:21  Overlord  
  43  3:31  Queen x2  
  43  3:33  Overlord  
  47  3:37  Evolution Chamber  
  46  3:41  Drone x4  
  46  3:47  Overlord  
  50  3:52  Roach Warren  
  50  3:53  Drone x2  
  51  3:56  Drone x2  
  51  3:57  Drone  
  51  3:59  Drone  
  51  4:02  Drone x2  
  57  4:05  Drone x2  
  59  4:11  Zerg Ground Armor Level 1  
  59  4:12  Drone  
  59  4:16  Drone x3  
  63  4:23  Drone  
  64  4:24  Lair  
  64  4:25  Overlord  
  64  4:27  Extractor  
  64  4:28  Extractor  
  64  4:30  Drone  
  64  4:31  Drone x3  
  66  4:34  Overlord  
  66  4:37  Overlord  
  66  4:45  Drone x4  
  70  4:48  Spore Crawler  
  70  4:49  Spore Crawler, Drone x4  
  72  4:53  Drone x4  
  72  4:56  Extractor  
  72  4:58  Spore Crawler  
  74  5:01  Roach x2  
  86  5:07  Roach x4  
  86  5:10  Extractor  
  86  5:12  Queen  
  87  5:15  Overlord x2  
  88  5:21  Drone x2  
  88  5:24  Overlord x2  
  89  5:28  Overlord x3  
  89  5:31  Glial Reconstitution  
  89  5:33  Drone x2  
  89  5:35  Drone x2  
  93  5:41  Overseer  
  93  5:43  Roach x4  
  93  5:46  Roach  
  103  5:54  Roach x4  
  111  5:59  Queen  
  110  6:05  Spire  
  110  6:10  Queen x2  
  113  6:24  Spire  
  106  6:27  Zerg Missile Weapons Level 1  
  106  6:37  Queen  
  106  6:39  Spore Crawler  
  107  6:46  Queen x2  
  107  6:55  Drone  
  107  6:56  Drone x3  
  107  6:57  Drone x2  
  107  6:59  Drone x2  
  107  7:00  Extractor  
  106  7:02  Drone x2  
  104  7:13  Queen  
  100  7:16  Drone x3  
  100  7:17  Spore Crawler  
  100  7:19  Roach x7  
  108  7:25  Drone x5  
  113  7:34  Hatchery  
  112  7:38  Corruptor x2  
  112  7:43  Corruptor  
  118  7:47  Corruptor  
  120  7:52  Overlord x3  
  120  7:59  Corruptor  
  120  8:03  Corruptor  
  112  8:06  Corruptor  
  112  8:07  Corruptor  
  110  8:13  Corruptor  
  110  8:19  Corruptor  
  106  8:24  Queen  
  108  8:29  Roach x5  
  112  8:40  Extractor, Roach  
  109  8:45  Roach x2  
  113  8:49  Roach x3  
  113  8:53  Roach x2  
  113  8:55  Roach x5  
  131  8:57  Overlord x4  
  131  9:03  Overlord x2  
  131  9:06  Drone  
  132  9:11  Zerg Missile Weapons Level 2  
  132  9:12  Overlord  
  132  9:13  Overlord  
  132  9:22  Roach x5  
  142  9:27  Overlord  
  142  9:28  Roach x3  
  148  9:32  Ravager x3  
  148  9:37  Drone x3  
  148  9:38  Extractor  
  153  9:39  Roach x2  
  153  9:44  Roach  
  153  9:45  Roach x3  
  165  9:49  Roach x2  
  165  9:52  Ravager  
  170  9:53  Ravager  
  170  9:58  Drone x3, Extractor  
  170  9:59  Drone  
  174  10:02  Drone x5  
  174  10:03  Baneling Nest  
  178  10:18  Roach x9  
  196  10:27  Roach x2  
  192  10:37  Roach x4  
  192  10:40  Hatchery  
  195  10:45  Zergling x2, Roach x2  
  192  10:58  Roach x8  
  192  10:59  Roach  
  169  11:05  Roach x4  
  151  11:11  Roach  
  151  11:12  Roach  
  151  11:13  Ravager x2  
  151  11:16  Roach x3  
  163  11:19  Roach x4  
  163  11:20  Ravager x3  
  163  11:21  Ravager  
  175  11:26  Roach x3  
  175  11:31  Roach x2  
  185  11:38  Ravager  
  186  11:41  Roach  
  186  11:42  Roach x7  
  172  12:00  Ravager  
Show
View Real Time Build Order
Export as new Build Order

Bunny Terran 

Build Orders: Command Center First 

Get SALT Encoding   

  12  0:00  SCV  
  13  0:12  SCV  
  14  0:17  Supply Depot  
  14  0:24  SCV  
  15  0:38  SCV  
  16  0:50  SCV  
  17  0:57  Command Center  
  17  1:03  SCV  
  18  1:12  Barracks  
  18  1:15  SCV  
  19  1:20  Refinery  
  19  1:27  SCV  
  19  1:28  Refinery  
  20  1:39  SCV  
  21  1:51  SCV  
  22  1:59  Marine  
  23  2:03  Orbital Command  
  23  2:08  Factory  
  23  2:11  Orbital Command  
  23  2:17  Barracks Reactor  
  23  2:28  SCV  
  25  2:37  SCV  
  25  2:40  SCV  
  26  2:44  Supply Depot  
  26  2:49  SCV  
  27  2:52  SCV  
  27  2:53  Marine x2  
  27  2:54  Starport  
  27  2:56  Hellion  
  32  3:02  SCV  
  32  3:05  SCV  
  33  3:14  SCV  
  33  3:17  SCV  
  35  3:20  Refinery  
  35  3:26  SCV  
  36  3:29  SCV  
  36  3:31  Starport  
  37  3:34  Refinery  
  37  3:36  Fusion Core  
  37  3:38  SCV  
  37  3:41  SCV  
  39  3:42  Supply Depot  
  39  3:50  SCV, Hellion  
  39  3:51  Starport Tech Lab  
  39  3:53  SCV  
  43  4:02  SCV  
  44  4:05  SCV  
  44  4:08  Supply Depot  
  44  4:09  Starport Tech Lab  
  45  4:14  SCV  
  46  4:17  SCV  
  47  4:26  SCV  
  47  4:29  SCV  
  47  4:31  Supply Depot, Battlecruiser  
  55  4:38  Battlecruiser  
  61  4:39  SCV  
  61  4:45  Barracks Tech Lab, Supply Depot  
  62  4:53  SCV x2, Weapon Refit  
  62  4:57  Supply Depot  
  64  5:08  Command Center  
  64  5:10  SCV x2  
  66  5:24  Supply Depot  
  66  5:25  SCV x2  
  68  5:35  Battlecruiser  
  74  5:40  Barracks  
  74  5:49  Battlecruiser  
  80  5:50  SCV x2  
  80  5:52  Barracks  
  82  5:59  Marine  
  82  6:04  Engineering Bay, Stimpack  
  83  6:05  Engineering Bay, Factory Reactor  
  83  6:11  SCV x2  
  83  6:15  Supply Depot  
  83  6:16  Marine  
  83  6:17  Supply Depot  
  86  6:22  Orbital Command  
  86  6:25  SCV x2  
  88  6:29  Marine x2  
  89  6:35  Marauder  
  81  6:50  SCV x3  
  83  6:56  Marauder  
  83  6:57  Terran Infantry Armor Level 1  
  76  7:02  Marine x2  
  76  7:07  SCV x2, Barracks  
  75  7:09  Orbital Command, Barracks  
  75  7:13  Siege Tank  
  75  7:14  Starport Reactor  
  75  7:17  Marauder  
  75  7:18  Terran Infantry Weapons Level 1  
  75  7:22  SCV x2  
  79  7:29  Marine x4  
  83  7:34  SCV x2  
  85  7:37  Supply Depot  
  85  7:38  Marine  
  85  7:40  SCV  
  87  7:46  SCV x2  
  92  7:51  Siege Tank, Marine x2  
  92  7:52  Marine  
  95  8:00  Barracks Reactor x2  
  95  8:04  Marine  
  95  8:05  Marine  
  97  8:07  Orbital Command, Medivac  
  97  8:09  Marine x3  
  101  8:13  SCV x2  
  102  8:22  Marine  
  102  8:23  Marine, Armory  
  102  8:24  Medivac  
  106  8:27  Marine x3  
  106  8:34  SCV x2  
  109  8:38  Combat Shield  
  109  8:41  SCV, Marine  
  109  8:42  Marine x3  
  109  8:46  SCV x2  
  109  8:48  Siege Tank  
  107  8:55  Supply Depot x2  
  101  8:56  Marine  
  101  8:58  Medivac  
  97  9:03  Marine x3  
  97  9:05  Marine  
  97  9:08  Missile Turret  
  101  9:10  Missile Turret  
  101  9:13  Medivac  
  103  9:17  Marine x2  
  103  9:19  Marine  
  103  9:20  Siege Tank  
  103  9:21  Marine x2  
  103  9:22  Marine  
  103  9:23  Marine  
  113  9:24  Marine  
  113  9:27  Marauder  
  113  9:30  Medivac  
  118  9:35  Marine x2, Refinery  
  118  9:37  Missile Turret, Medivac  
  122  9:47  Supply Depot, Marine x4  
  122  9:48  Marine x2  
  122  9:50  Missile Turret  
  122  9:52  Siege Tank  
  131  9:55  Marine  
  131  9:56  Marine x2  
  131  9:58  Medivac  
  136  10:02  Concussive Shells  
  136  10:04  Marine  
  137  10:12  Medivac  
  137  10:13  Marine x7  
  137  10:14  Orbital Command, Marine  
  147  10:20  Supply Depot  
  147  10:22  Marine  
  147  10:26  Medivac  
  144  10:31  Marine x5  
  144  10:32  Marine  
  144  10:33  Marine  
  144  10:34  Marine  
  144  10:35  Medivac  
  149  10:39  SCV x2  
  147  10:45  Missile Turret  
  147  10:49  Medivac  
  149  10:52  Marauder  
  149  10:55  Siege Tank  
  148  10:59  Medivac  
  148  11:03  Marine  
  148  11:04  Marine  
  135  11:08  Marine x2  
  135  11:12  Marine  
  135  11:13  Marine x3  
  135  11:14  Marauder  
  141  11:21  Marine x2  
  143  11:25  Marine  
  143  11:26  Marine  
  143  11:30  Marine  
  146  11:34  Marine  
  146  11:35  Marauder  
  146  11:37  Marine x2  
  149  11:43  Marine x2  
Tags
 
Add a new tag
Caveats
  • Supply blocks, unpowered buildings, or Contaminate may cause inaccurate times.
  • Supply counts are checked every 10 seconds.